 Dungeon Crawl Stone Soup version 0.24-a0-789-g35933f4 (webtiles) character file.

Game seed: 12242374676091013222, levelgen mode: deterministic

25 2tousent the Ruffian (level 2, -1/23 HPs)
             Began as a Draconian Transmuter on Oct 9, 2019.
             Slain by a bullfrog (9 damage)
             ... on level 2 of the Dungeon.
             The game lasted 00:03:08 (1495 turns).

2tousent the Ruffian (Draconian Transmuter)         Turns: 1495, Time: 00:03:08

Health: -1/23      AC:  4    Str: 12    XL:     2   Next: 86%
Magic:  4/5        EV: 12    Int: 13    God:
Gold:   75         SH:  0    Dex: 11    Spells: 4/5 levels left

rFire    . . .     SeeInvis .     - Unarmed
rCold    . . .     Gourm    .   (no shield)
rNeg     . . .     Faith    .   (armour unavailable)
rPois    .         Spirit   .   (helmet restricted)
rElec    .         Reflect  .   (no cloak)
rCorr    .         Harm     .   (no gloves)
MR       .....                  (no boots)
Stlth    ..........             (no amulet)
HPRegen  0.07/turn              g - ring of attention (curse)
MPRegen  0.09/turn              (no ring)

@: appendage (expiring)
A: unfitting armour, horns 2, cold-blooded, AC +4
a: End Transformation


You were on level 2 of the Dungeon.
You were not hungry.
You had grown temporary horns.
You visited 1 branch of the dungeon, and saw 2 of its levels.

You collected 75 gold pieces.

Inventory:

Missiles
 a - 22 arrows
Jewellery
 g - a cursed ring of attention (left hand)
Scrolls
 b - 2 scrolls of enchant weapon {unknown}
 d - a scroll of immolation {unknown}
 e - a scroll of random uselessness {unknown}
 i - a scroll of enchant armour {unknown}
 l - 2 scrolls of identify {unknown}
 n - a scroll of amnesia {unknown}
Potions
 f - 4 potions of curing {unknown}
 h - a potion of lignification {unknown}
 j - a potion of berserk rage {unknown}
 k - a potion of flight {unknown}
 m - a potion of might {unknown}
Comestibles
 c - 5 rations
 o - 2 chunks of flesh


   Skills:
 - Level 1.1 Fighting
 - Level 1.7 Dodging
 + Level 3.3 Unarmed Combat
 - Level 2.0 Spellcasting
 * Level 3.0 Transmutations


You had 4 spell levels left.
You knew the following spells:

 Your Spells              Type           Power        Failure   Level  Hunger
a - Beastly Appendage     Tmut           #.....       7%          1    ##.....

Your spell library contained the following spells:

 Spells                   Type           Power        Failure   Level  Hunger
 Sticks to Snakes         Tmut           #.......     11%         2    ###....
 Spider Form              Tmut/Pois      #.........   38%         3    ####...
 Ice Form                 Ice/Tmut       #.......     80%         4    #####..
 Blade Hands              Tmut           #.........   89%         5    ######.


Dungeon Overview and Level Annotations

Branches:
Dungeon (2/15)

Altars:


Innate Abilities, Weirdness & Mutations

Your plain brown scales are hard. (AC +4)
You cannot fit into any form of body armour.
You are cold-blooded and may be slowed by cold attacks.
You have a pair of horns on your head.


Message History

You are too injured to fight recklessly!
You are too injured to fight recklessly!
You are too injured to fight recklessly!
You are too injured to fight recklessly!
You are too injured to fight recklessly!
You are too injured to fight recklessly!
You are too injured to fight recklessly!
You are too injured to fight recklessly!
You are too injured to fight recklessly!
You closely miss the bullfrog.
The bullfrog is severely wounded.
Your transformation is almost over.
The bullfrog hits you. The bullfrog completely misses you.
You barely miss the bullfrog.
The bullfrog is severely wounded.
The bullfrog hits you.
You hit the bullfrog.
The bullfrog is almost dead.
The bullfrog hits you!
You die...

##...#b# #...##
##......# ##.##.##
###......#####......####
.......)...............
###...##..####.........
##.###..#..(......##.#
#.#....#.............
#.#.#..#......F..##.
#.#.#.<####..@#.##
#......# #...#%#
###.#### #......... #
#.# #####.###. ## #.# .#
.# #.# . .# #.# ##
.#####.# .......#


You could see a bullfrog.

Vanquished Creatures
  A leopard gecko (D:2)
  5 bats
  2 giant cockroaches
  4 goblins
  A hobgoblin (D:1)
  A quokka (D:2)
  3 frilled lizards (D:2)
  A kobold (D:1)
  6 rats
24 creatures vanquished.

Notes
Turn   | Place    | Note
-------+----------+-------------------------------------------
     0 | D:1      | 2tousent the Draconian Transmuter began the quest for the
                  | Orb.
     0 | D:1      | Reached XP level 1. HP: 16/16 MP: 3/3
   133 | D:1      | Reached XP level 2. HP: 12/23 MP: 3/5
   898 | D:2      | Noticed a bullfrog
  1495 | D:2      | Slain by a bullfrog

Levels and vault maps discovered:
D:1:      ebering_hopf_link, layout_rooms, minmay_misc_feat_rugged
D:2:      layout_loops_corners, first_ration

Skill      XL: |  1  2 |
---------------+-------+-----
Transmutations | 3 |  3.0
Fighting       | |  1.1
Dodging        | |  1.7
Unarmed Combat | |  3.3
Spellcasting   | |  2.0

Action                   || total
-------------------------++-------
Melee: Unarmed           ||    96
       Kick              ||     2
       Punch             ||     1
       Tailslap          ||     7
 Cast: Beastly Appendage ||     7
  Eat: Chunk             ||     2
Armor: Skin              ||    56
Dodge: Dodged            ||    80

Table legend:
 A = Non-vault XP
 B = Vault XP
 C = Vault XP percentage of total XP
 D = Non-vault monster count
 E = Vault monster count
 F = Vault count percentage of total count
                 A         B        C        D         E       F
            +---------+---------+-------+---------+---------+-------
      Total |      37 |       0 |   0.0 |      24 |       0 |   0.0
            +---------+---------+-------+---------+---------+-------
        D:1 |      21 |       0 |   0.0 |      14 |       0 |   0.0
        D:2 |      16 |       0 |   0.0 |      10 |       0 |   0.0
            +---------+---------+-------+---------+---------+-------
